AoeStats
← Miyamoto

Nomad

508383834Analyzed
4v4 RM · 11d ago on Sep 22, 2026· 31m 9s· 8 players
Game mode
Random Map
Map size
231×231
Population
200
Speed
Normal
Resources
Standard
Victory
Conquest
Starting age
Dark Age
Ending age
Imperial Age
RankedLock teamsTeams togetherTeam positionsShared explorationLock speedFull tech treeHidden civsTurbo modeCheats
Victory
Defeat
🇨🇳 Wu · China
1269
+13
🇹🇼 Persians · Taiwan
1234
+15
🇹🇼 Magyars · Taiwan
1230
+15
🇨🇳 Italians · China
1175
+17
🇩🇪 Maya · Germany
1303
-18
🇦🇺 Wu · Australia
1194
-15
🇳🇱 Persians · Netherlands
1186
-14
🇨🇾 Italians · Cyprus
1149
-13
战歌
14:17 Feudal Age
16:26 Double-Bit Axe
23:29 Castle Age
21:28 Gold Mining
22:05 Man-at-Arms
23:39 Long Swordsman
28:23 Forging
28:28 Bow Saw
29:28 Wheelbarrow
29:09 Fletching
29:45 Fishing Lines
31:51 Gold Shaft Mining
yoooo147
9:57 Loom
13:38 Feudal Age
15:19 Double-Bit Axe
16:08 Gold Mining
18:21 Castle Age
16:09 Loom
16:49 Horse Collar
19:33 Bloodlines
20:57 Husbandry
24:17 Wheelbarrow
27:04 Heavy Plow
28:26 Hand Cart
28:53 Bow Saw
29:49 Town Watch
31:07 Scale Barding Armor
Coldplay
6:24 Loom
14:52 Feudal Age
16:38 Fletching
17:47 Wheelbarrow
17:00 Double-Bit Axe
17:09 Gold Mining
18:45 Fishing Lines
22:37 Castle Age
20:42 Stone Mining
24:09 Bow Saw
23:58 Bodkin Arrow
25:37 Gillnets
26:58 Padded Archer Armor
27:27 Medium Warships
30:49 Imperial Age
30:16 Leather Archer Armor
30:34 Hand Cart
MAVERICK
9:20 Loom
12:36 Feudal Age
19:56 Castle Age
18:49 Double-Bit Axe
19:41 Fletching
19:52 Padded Archer Armor
21:04 Bodkin Arrow
21:43 Bow Saw
26:28 Leather Archer Armor
28:56 Wheelbarrow
28:06 Town Watch
30:50 Bloodlines
30:40 Husbandry
30:39 Horse Collar
Miyamoto
10:30 Loom
18:49 Feudal Age
22:22 Arson
27:26 Scale Mail Armor
27:37 Forging
Jim Levenstein
4:08 Loom
4:20 Loom
13:07 Feudal Age
17:45 Castle Age
17:05 Horse Collar
19:58 Double-Bit Axe
22:02 Bow Saw
26:01 Town Watch
27:30 Wheelbarrow
30:07 Heavy Plow
fuita
3:54 Loom
13:51 Feudal Age
19:05 Castle Age
17:04 Stone Mining
18:23 Gold Mining
20:58 Double-Bit Axe
21:26 Horse Collar
22:45 Heavy Plow
Vanilla Gorilla
4:34 Loom
14:07 Feudal Age
20:23 Castle Age
18:26 Double-Bit Axe
19:26 Horse Collar
21:26 Bow Saw
22:03 Stone Mining
22:26 Heavy Plow
26:05 Fletching
26:54 Wheelbarrow
27:49 Bodkin Arrow
Connection lost

Rejoining the realm…

Still unreachable

The connection could not be restored.

Session expired

The server has moved on; the page needs a fresh start.